 Dungeon Crawl Stone Soup version 0.30-a0-627-gc11e7ae810 (webtiles) character file.

Game seed: 2478324275021127493

43 BaabKaare the Ruffian (level 3, -3/28 HPs)
             Began as a Draconian Transmuter on Jan 12, 2023.
             Slain by a gnoll
             ... wielding a +0 whip
              (6 damage)
             ... on level 3 of the Dungeon.
             The game lasted 00:02:48 (1745 turns).

BaabKaare the Ruffian (Draconian Transmuter)        Turns: 1745, Time: 00:02:49

Health: -3/28      AC:  5    Str: 14    XL:     3   Next: 37%
Magic:  4/6        EV: 12    Int: 13    God:
Gold:   69         SH:  0    Dex: 11    Spells: 4/7 levels left

rFire   . . .      SeeInvis .      - Unarmed
rCold   . . .      Faith    .    (no shield)
rNeg    . . .      Spirit   .    (body armour unavailable)
rPois   .          Reflect  .    (helmet currently unavailable)
rElec   .          Harm     .    (no cloak)
rCorr   .          Rampage  .    (no gloves)
Will    .....                    (boots currently unavailable)
Stlth   +                        (no amulet)
HPRegen 0.24/turn                (no ring)
MPRegen 0.10/turn                (no ring)

@: appendages, wereblooded, slowed, very slow
A: horns 2, talons 2, AC +5, unfitting armour, cold-blooded
a: End Transformation


You were on level 3 of the Dungeon.
You had temporarily grown beastly horns and talons.
You visited 1 branch of the dungeon, and saw 3 of its levels.

You collected 69 gold pieces.

Inventory:

Scrolls
 d - a scroll of teleportation {unknown}
Potions
 a - a potion of lignification
 b - a potion of magic {unknown}
 c - a potion of degeneration {unknown}
 e - a potion of berserk rage {unknown}
 f - a potion of curing {unknown}
 g - a potion of flight {unknown}


   Skills:
 + Level 1.1 Fighting
 + Level 2.1 Dodging
 + Level 0.2 Stealth
 + Level 3.5 Unarmed Combat
 + Level 2.6 Spellcasting
 + Level 2.2 Transmutations


You had 4 spell levels left.
You knew the following spells:

 Your Spells              Type           Power      Damage    Failure   Level
a - Beastly Appendage     Tmut           14%        N/A       10%         1
b - Wereblood             Tmut           7%         N/A       14%         2

Your spell library contained the following spells:

 Spells                   Type           Power      Damage    Failure   Level
 Slow                     Hex            4%         N/A       24%         1
 Spider Form              Tmut/Pois      4%         N/A       41%         3
 Confusing Touch          Hex            1%         N/A       58%         3
 Vampiric Draining        Necr           1%         2d6       58%         3
 Ice Form                 Ice/Tmut       4%         N/A       83%         4


Dungeon Overview and Level Annotations

Branches:
Dungeon (3/15)

Altars:


Innate Abilities, Weirdness & Mutations

You have temporarily grown beastly horns and talons.
Your plain brown scales are hard. (AC +5)
You cannot fit into any form of body armour.
You are cold-blooded and may be slowed by cold attacks.


Message History

Your transformation is almost over.
You see here a +0 spear.
You start resting.
Magic restored.
You start resting.
Your horns disappear.
Your talons disappear.
HP restored.
You start waiting.
Done waiting.
You start waiting.
Done waiting.
Casting: Beastly Appendage (safe; 10% risk of failure)
Confirm with . or Enter, or press ? or * to list all spells.
Your blood is infused with primal strength.
There is a stone staircase leading down here.
Casting: Wereblood (safe; 14% risk of failure)
Confirm with . or Enter, or press ? or * to list all spells.
You grow a pair of large bovine horns.
Your feet morph into talons.
You can't go up here!
You climb downwards.
The gnoll hits you with a +0 whip. x2
There is a stone staircase leading up here.
You barely miss the gnoll. The gnoll barely misses you.
You hit the gnoll. Your kick misses the gnoll.
You tail-slap the gnoll, but do no damage.
The gnoll is heavily wounded.
The endoplasm closely misses you. The gnoll hits you with a +0 whip.
The gnoll closely misses you. The gnoll hits you with a +0 whip.
The goblin barely misses you.
You hit the gnoll but do no damage.
The gnoll is heavily wounded.
The endoplasm freezes you.
You are frozen.
You feel yourself slow down.
The gnoll hits you from afar with a +0 halberd.
* * * LOW HITPOINT WARNING * * *
The gnoll closely misses you. The gnoll hits you with a +0 whip.
* * * LOW HITPOINT WARNING * * *
The goblin barely misses you. The endoplasm completely misses you.
The gnoll misses you. The gnoll hits you with a +0 whip.
You die...

... .. ...
.. .... ..
..... .#
.....## .#
....... .#
.$....J#>###
.....gg@...#
......gg..##
......#.#.#
........#.#
..... ..# .
......... ..
...( .#.. ..
#######..
...


You could see 3 gnolls, an endoplasm and a goblin.

Vanquished Creatures
  An adder (D:2)
  A gnoll (D:2)
  2 ball pythons (D:1)
  4 endoplasms (D:1)
  2 hobgoblins (D:1)
  A quokka (D:1)
  4 bats (D:1)
  2 frilled lizards
  3 goblins (D:1)
  2 kobolds (D:1)
  2 rats
24 creatures vanquished.

Notes
Turn   | Place    | Note
-------+----------+-------------------------------------------
     0 | D:1      | BaabKaare the Draconian Transmuter began the quest for the
                  | Orb.
     0 | D:1      | Reached XP level 1. HP: 16/16 MP: 3/3
   345 | D:1      | Reached XP level 2. HP: 23/23 MP: 5/5
   352 | D:1      | Learned a level 2 spell: Wereblood
  1427 | D:2      | Reached XP level 3. HP: 23/28 MP: 4/6
  1745 | D:3      | Slain by a gnoll

Illustrated notes

Levels and vault maps discovered:
D:1:      dpeg_arrival_court, layout_basic
D:2:      layout_basic, hellmonk_ecumenical_altar_blasted, uniq_natasha
D:3:      layout_rooms, grunt_temple_overflow_cloverleaf, minmay_crystal_room,
          grunt_decor_one_mirror, uniq_terence, uniq_robin

Skill      XL: |  1 |
---------------+----+-----
Dodging        | 2 |  2.1
Fighting       | |  1.1
Stealth        | |  0.2
Unarmed Combat | |  3.5
Spellcasting   | |  2.6
Transmutations | |  2.2

Action                   || total
-------------------------++-------
Melee: Unarmed           ||    71
       Kick              ||    18
       Headbutt          ||     6
       Tailslap          ||     5
       Punch             ||     1
 Cast: Beastly Appendage ||    19
       Wereblood         ||     1
Armor: Skin              ||    27
Dodge: Dodged            ||    64

Table legend: (Time is in decaauts)
 A = Elapsed time spent in this place.
 B = Non-inter-level travel time spent in this place.
 C = Inter-level travel time spent in this place.
 D = Time resting spent in this place.
 E = Time spent auto-exploring this place.
 F = Levels seen in this place.
 G = Mean time per level.
                   A        B        C        D        E       F      G
               +--------+--------+--------+--------+--------+-----+--------+
         Total |   1743 |   1689 |     54 |    697 |    632 |   3 |  581.0 |
       Dungeon |   1743 |   1689 |     54 |    697 |    632 |   3 |  581.0 |
               +--------+--------+--------+--------+--------+-----+--------+

Top non-repeatable levels by time:
     D:1: 1304 daAuts
     D:2: 433 daAuts
     D:3: 6 daAuts
